 Dungeon Crawl Stone Soup version 0.22.0-38-g04b72b8 (webtiles) character file.

20458 Lew the Severer (level 12, -1/79 HPs)
             Began as a Gargoyle Fighter on Aug 30, 2018.
             Was the Champion of Okawaru.
             Slain by a ten-headed hydra (5 damage)
             ... on level 13 of the Dungeon on Aug 31, 2018.
             The game lasted 00:34:51 (12281 turns).

Lew the Severer (Gargoyle Fighter)                 Turns: 12281, Time: 00:34:51

Health: -1/79      AC: 23    Str: 26    XL:     12   Next: 79%
Magic:  15/15      EV: 12    Int: 10    God:    Okawaru [******]
Gold:   280        SH: 10    Dex: 13    Spells: 11/11 levels left

rFire    . . .     SeeInvis .   J - +0 whip (flame)
rCold    + . .     Gourm    .   B - +0 shield {rC+}
rNeg     + + .     Faith    .   H - +0 acid dragon scales
rPois    ∞         Spirit   .   e - +2 helmet
rElec    +         Reflect  .   m - +0 cloak
rCorr    +         Harm     .   D - +1 pair of gloves "Axzutoro" {Regen+}
MR       .....                  (no boots)
Stlth    ++........             j - amulet of regeneration
HPRegen  1.03/turn              w - +6 ring of strength
MPRegen  0.14/turn              F - ring of positive energy

@: no status effects
A: rugged brown scales 1, negative energy resistance 1, electricity resistance,
wild magic 1, unbreathing, petrification resistance, rot immunity, AC +8
a: Heroism, Finesse, Renounce Religion


You were on level 13 of the Dungeon.
You worshipped Okawaru.
Okawaru was exalted by your worship.
You were not hungry.

You visited 2 branches of the dungeon, and saw 14 of its levels.

You collected 854 gold pieces.
You spent 574 gold pieces at shops.

Inventory:

Hand Weapons
 l - a +7 war axe
 J - a +0 whip of flaming (weapon)
 M - the +10 broad axe "Morhoigh" {holy, *Noise rPois Int+3 Dex+4}
   (Okawaru gifted it to you on level 13 of the Dungeon)

   It has been blessed by the Shining One to cause great damage to the undead
   and demons.
   It affects your intelligence (+3).
   It affects your dexterity (+4).
   It protects you from poison.
   It may make noises in combat.
Missiles
 L - 2 poisoned javelins (quivered)
Armour
 e - a +2 helmet (worn)
 m - a +0 cloak (worn)
 v - a +4 chain mail
 B - a +0 shield of cold resistance (worn)
 D - the +1 pair of gloves "Axzutoro" (worn) {Regen+}
   (You bought it in a shop on level 9 of the Dungeon)

   It increases your rate of regeneration.
 H - +0 acid dragon scales (worn)
Jewellery
 b - an uncursed ring of ice
 j - an amulet of regeneration (around neck)
 o - an uncursed ring of flight
 s - an uncursed ring of fire
 t - an uncursed ring of fire
 w - a +6 ring of strength (left hand)
 F - a ring of positive energy (right hand)
Wands
 d - a wand of digging (11)
 k - a wand of random effects (32)
 n - a wand of iceblast (20)
 y - a wand of paralysis (16)
 E - a wand of disintegration (12)
Scrolls
 a - 5 scrolls of immolation
 c - a scroll of summoning
 h - 6 scrolls of remove curse
 q - 6 scrolls of teleportation
 x - a scroll of magic mapping
 C - 2 scrolls of amnesia
Potions
 g - 3 potions of haste
 p - 6 potions of curing
 r - 7 potions of brilliance
 u - 2 potions of flight
 z - a potion of magic
 A - a potion of mutation
 G - a potion of resistance
 I - a potion of cancellation
 K - a potion of ambrosia {unknown}
Comestibles
 f - 17 rations


   Skills:
 - Level 10.0 Fighting
 + Level 15.3 Axes
 - Level 3.2 Armour
 - Level 5.0 Dodging
 - Level 5.0 Stealth
 - Level 3.2 Shields
 - Level 5.0 Invocations


You had 11 spell levels left.
You didn't know any spells.
Your spell library contained the following spells:

 Spells                   Type           Power        Failure   Level  Hunger
 Summon Small Mammal      Summ           #...         95%         1    ##.....
 Call Imp                 Summ           #.......     98%         2    ###....
 Call Canine Familiar     Summ           #.......     100%        3    ####...
 Summon Guardian Golem    Hex/Summ       #.......     100%        3    ####...
 Summon Ice Beast         Ice/Summ       #.......     100%        4    #####..
 Summon Lightning Spire   Summ/Air       #.......     100%        4    #####..


Dungeon Overview and Level Annotations

Branches:
Dungeon (13/15)            Temple (1/1) D:5            Lair (0/6) D:8
    Orc (0/2) D:11
 Vaults: D:13-14

Altars:
Ashenzari
Cheibriados
Dithmenos
Elyvilon
Fedhas
Gozag
Hepliaklqana
Kikubaaqudgha
Makhleb
Nemelex Xobeh
Okawaru
Qazlal
Ru
Sif Muna
Trog
Uskayaw
Vehumet
Wu Jian
Xom
Yredelemnul
Zin
The Shining One

Shops:
D:7 *   D:9 (([   D:10 *


Innate Abilities, Weirdness & Mutations

You are resistant to torment.
Your stone body is resilient. (AC +8)
You are immune to poison.
You resist negative energy. (rN+)
You are resistant to electric shocks. (rElec)
You can survive without breathing.
You are immune to petrification.
You are immune to rotting.
You are partially covered in rugged brown scales. (AC +1, +3% HP)
Your spells are a little harder to cast, but a little more powerful.


Message History

* * * LOW HITPOINT WARNING * * *
The ten-headed hydra closely misses you.
You block the ten-headed hydra's attack.
The ten-headed hydra bites you but does no damage. x3
The ten-headed hydra bites you!
* * * LOW HITPOINT WARNING * * *
You hit the ten-headed hydra. You burn the ten-headed hydra.
The ten-headed hydra is almost dead.
The orc wizard hits you but does no damage.
The ten-headed hydra bites you.
* * * LOW HITPOINT WARNING * * *
The ten-headed hydra bites you.
* * * LOW HITPOINT WARNING * * *
The ten-headed hydra bites you but does no damage.
The ten-headed hydra bites you.
* * * LOW HITPOINT WARNING * * *
The ten-headed hydra bites you but does no damage.
The ten-headed hydra closely misses you.
The ten-headed hydra bites you.
You die...

.#.8...8.#.................^.....
##.....##.......................
###.############<..############
#. #..$# #. #...# #...#
#########)..# .......)....###
......D@........
....."oo.........
...............##
...............# ...............#
................ ################


You could see a ten-headed hydra, an orc wizard and an orc.

Vanquished Creatures
  Azrael (D:12)
  Fannar (D:11)
  A centaur warrior (D:9)
  2 two-headed ogres
  2 tengu warriors (D:13)
  Nergalle (D:12)
  3 unseen horrors
  The ghost of Thaneod the Cleaver, a novice GrHu (D:7)
  A manticore (D:11)
  Psyche (D:12)
  2 centaur skeletons (D:12)
  A gargoyle (D:12)
  A hornet (D:13)
  4 hippogriffs
  A meliai zombie (D:10)
  Sigmund (D:4)
  A wraith (D:9)
  The ghost of Marcoleric the Covert, an amateur SpAs (D:5)
  6 fire elementals (D:12)
  6 yaks (D:11)
  A basilisk (D:13)
  2 hungry ghosts
  A steam dragon (D:12)
  An acid dragon (D:11)
  2 hell hounds (D:12)
  8 orc warriors
  2 ice beasts
  3 phantoms
  4 sky beasts
  2 necrophages
  An eye of draining (D:12)
  9 ogres
  7 centaurs
  A crocodile (D:10)
  2 big kobolds (D:10)
  8 bullfrogs
  3 scorpions
  10 killer bees
  3 electric eels (D:9)
  13 wights
  7 howler monkeys
  10 crimson imps
  5 jellies
  2 hounds
  10 orc priests
  Crazy Yiuf (D:2)
  A bullfrog skeleton (D:11)
  14 orc wizards
  5 iguanas
  14 worker ants
  A bullfrog simulacrum (D:5)
  2 hound skeletons (D:4)
  2 worker ant zombies
  14 gnolls
  A howler monkey skeleton (D:8)
  12 adders
  A hound simulacrum (D:5)
  3 shadow imps
  A white imp (D:5)
  A worker ant simulacrum (D:5)
  2 oozes
  6 worms
  3 dart slugs
  5 leopard geckos
  40 orcs
  A ball python (D:3)
  6 giant cockroaches
  8 goblins
  6 hobgoblins
  22 jackals
  7 quokkas
  A ball python simulacrum (D:5)
  11 bats
  3 frilled lizards
  9 kobolds
  8 rats
  3 fungi (D:13)
369 creatures vanquished.

Notes
Turn   | Place    | Note
-------+----------+-------------------------------------------
     0 | D:1      | Lew the Gargoyle Fighter began the quest for the Orb.
     0 | D:1      | Reached XP level 1. HP: 14/14 MP: 1/1
   262 | D:4      | Reached skill level 2 in Axes
   262 | D:4      | Reached skill level 1 in Stealth
   262 | D:4      | Reached XP level 2. HP: 15/19 MP: 2/2
   267 | D:5      | Entered Level 5 of the Dungeon
   279 | D:5      | Noticed Marcoleric's ghost (amateur SpAs)
   279 | D:5      | Noticed an ice beast
   360 | D:5      | Reached XP level 3. HP: 24/24 MP: 3/3
   377 | D:5      | Found a staircase to the Ecumenical Temple.
   386 | Temple   | Entered the Ecumenical Temple
   607 | Temple   | Became a worshipper of Warmaster Okawaru
   761 | D:4      | Reached skill level 1 in Dodging
   845 | D:4      | Reached XP level 4. HP: 28/29 MP: 4/4
  1151 | D:1      | Reached skill level 7 in Axes
  1151 | D:1      | Reached XP level 5. HP: 42/42 MP: 5/5
  1669 | D:2      | Reached XP level 6. HP: 48/48 MP: 6/6
  1736 | D:2      | Found a runed door.
  1862 | D:2      | Found an ornate altar of the Wu Jian Council.
  2254 | D:2      | Noticed Crazy Yiuf
  2259 | D:2      | Killed Crazy Yiuf
  2871 | D:3      | Reached skill level 1 in Invocations
  2973 | D:3      | Reached XP level 7. HP: 35/52 MP: 7/7
  3147 | D:3      | Found a burning altar of Makhleb.
  3147 | D:3      | Noticed an Executioner
  3151 | D:3      | Noticed a neqoxec
  3151 | D:3      | Noticed a neqoxec
  3425 | D:4      | Noticed Sigmund
  3427 | D:4      | Reached * piety under Okawaru
  3435 | D:4      | Killed Sigmund
  3435 | D:4      | Reached skill level 8 in Axes
  3849 | D:5      | Gained mutation: Your spells are a little harder to cast, but a little more powerful. [potion of mutation]
  3849 | D:5      | Gained mutation: You are partially covered in rugged brown scales. (AC +1, +3% HP) [potion of mutation]
  3854 | D:5      | Found a runed gate.
  3854 | D:5      | Found a runed gate.
  3858 | D:5      | Found a runed gate.
  3891 | D:5      | Found a stormy altar of Qazlal.
  3915 | D:5      | Reached XP level 8. HP: 58/58 MP: 9/9
  4137 | D:5      | Reached skill level 10 in Fighting
  4146 | D:5      | Reached ** piety under Okawaru
  4288 | D:5      | Killed Marcoleric's ghost
  4525 | D:6      | Reached XP level 9. HP: 60/63 MP: 11/11
  4605 | D:6      | Reached *** piety under Okawaru
  4605 | D:6      | Reached skill level 5 in Stealth
  5549 | D:7      | Found an ornate altar of the Wu Jian Council.
  5802 | D:7      | Found Esioschoa's Assorted Antiques.
  5818 | D:7      | Bought a scroll of identify for 40 gold pieces
  5818 | D:7      | Bought 2 sedimented white potions for 36 gold pieces
  5818 | D:7      | Bought a scroll labeled INWODD HICITH for 20 gold pieces
  6056 | D:7      | Bought a scroll of teleportation for 60 gold pieces
  6120 | D:7      | Found a transporter.
  6133 | D:7      | Noticed Thaneod's ghost (novice GrHu)
  6488 | D:7      | Found a transporter.
  6498 | D:7      | Reached **** piety under Okawaru
  6498 | D:7      | Reached skill level 9 in Axes
  6498 | D:7      | Reached skill level 5 in Invocations
  6507 | D:7      | Killed Thaneod's ghost
  6507 | D:7      | Reached XP level 10. HP: 42/70 MP: 13/13
  6951 | D:8      | Found a staircase to the Lair.
  7219 | D:8      | Reached skill level 5 in Dodging
  7221 | D:8      | Received a gift from Okawaru
  8064 | D:9      | Found Kexaig's Antique Armour Shoppe.
  8118 | D:9      | Reached skill level 10 in Axes
  8228 | D:9      | Noticed a centaur warrior
  8243 | D:9      | Killed a centaur warrior
  8243 | D:9      | Received a gift from Okawaru
  8260 | D:9      | Noticed a two-headed ogre
  8284 | D:9      | Killed a two-headed ogre
  8284 | D:9      | Reached ***** piety under Okawaru
  8284 | D:9      | Reached skill level 11 in Axes
  8350 | D:9      | Reached XP level 11. HP: 66/74 MP: 14/14
  8473 | D:9      | Found Zusech's Antique Weapon Emporium.
  8534 | D:9      | Found a bloodstained altar of Trog.
  8568 | D:9      | Found Miallyef's Weapon Shop.
  8673 | D:10     | Entered Level 10 of the Dungeon
  8694 | D:10     | Noticed a two-headed ogre
  8707 | D:10     | Killed a two-headed ogre
  8707 | D:10     | Received a gift from Okawaru
  8903 | D:10     | Found Rosimn's General Store.
  8961 | D:9      | Bought a pair of brightly glowing gloves for 313 gold pieces
  8972 | D:9      | Identified the +1 pair of gloves "Axzutoro" {Regen+} (You bought it in a shop on level 9 of the Dungeon)
  9200 | D:10     | Reached skill level 12 in Axes
  9257 | D:10     | Found a shadowy altar of Dithmenos.
  9311 | D:10     | Killed an unseen horror
  9847 | D:11     | Reached skill level 13 in Axes
 10292 | D:11     | Found a staircase to the Orcish Mines.
 10299 | D:11     | Noticed Fannar
 10300 | D:11     | Noticed a manticore
 10323 | D:11     | Killed a manticore
 10352 | D:11     | Killed Fannar
 10454 | D:11     | Reached XP level 12. HP: 79/79 MP: 15/15
 10913 | D:10     | Bought a scroll of enchant weapon for 105 gold pieces
 11227 | D:12     | Noticed Nergalle
 11247 | D:12     | Killed Nergalle
 11254 | D:12     | Noticed Psyche
 11258 | D:12     | Killed Psyche
 11258 | D:12     | Received a gift from Okawaru
 11267 | D:12     | Noticed Azrael
 11282 | D:12     | Reached skill level 14 in Axes
 11317 | D:12     | Killed Azrael
 11939 | D:13     | Received a gift from Okawaru
 11939 | D:13     | Reached ****** piety under Okawaru
 11943 | D:13     | Got a crude broad axe {god gift}
 11944 | D:13     | Identified the +10 broad axe "Morhoigh" {holy, *Noise rPois Int+3 Dex+4} (Okawaru gifted it to you on level 13 of the Dungeon)
 11995 | D:13     | Noticed a tengu warrior
 12002 | D:13     | Noticed a tengu warrior
 12013 | D:13     | Killed a tengu warrior
 12013 | D:13     | Reached skill level 15 in Axes
 12020 | D:13     | Killed a tengu warrior
 12214 | D:13     | Found an opulent altar of Gozag.
 12264 | D:13     | Noticed an eight-headed hydra
 12281 | D:13     | Slain by a ten-headed hydra

Skill      XL: |  1  2  3  4  5  6  7  8  9 10 11 12 |
---------------+-------------------------------------+-----
Axes           | 2 7 8 9 11 13 15 | 15.3
Stealth        | 1 2 3 4 5 |  5.0
Dodging        | 1 2 3 4 5 |  5.0
Fighting       | 9 10 | 10.0
Invocations    | 1 2 3 5 |  5.0
Armour         | |  3.2
Shields        | |  3.2

Action                   |  1- 3 |  4- 6 |  7- 9 | 10-12 || total
-------------------------+-------+-------+-------+-------++-------
Melee: War axe           |    29 |   197 |   285 |   634 ||  1145
       Broad axe         |       |       |       |    44 ||    44
       Whip              |       |       |       |    10 ||    10
Throw: Javelin           |       |       |       |     1 ||     1
Evoke: Wand              |       |       |       |    14 ||    14
  Use: Scroll            |     2 |     9 |     3 |     9 ||    23
       Potion            |       |     1 |    10 |     4 ||    15
 Stab: Sleeping          |       |       |       |     3 ||     3
  Eat: Chunk             |       |     6 |    12 |    11 ||    29
       Ration            |       |       |       |     5 ||     5
Armor: Scale mail        |    20 |    86 |    44 |       ||   150
       Chain mail        |       |       |   132 |   300 ||   432
       Acid dragon scale |       |       |       |   162 ||   162
Dodge: Dodged            |    10 |    51 |    80 |   219 ||   360
Block: Shield            |    21 |    87 |   127 |   306 ||   541
